 Dungeon Crawl Stone Soup version 0.21-a0-401-g0b6bec4 (webtiles) character file.

266 firefreeman the Shield-Bearer (level 6, -6/52 HPs)
             Began as a Minotaur Fighter on Oct 25, 2017.
             Killed by nerve-wracking pain
             ... invoked by Menkaure
              (10 damage)
             ... on level 4 of the Dungeon.
             The game lasted 00:08:47 (3001 turns).

firefreeman the Shield-Bearer (Minotaur Fighter)    Turns: 3001, Time: 00:08:48

Health: -6/52      AC: 13    Str: 23    XL:     6   Next: 0%
Magic:  5/5        EV:  5    Int:  5    God:
Gold:   141        SH: 10    Dex:  9    Spells: 5/5 levels left

rFire    . . .     SeeInvis .   a - +0 long sword
rCold    . . .     Gourm    .   c - +0 shield
rNeg     . . .     Faith    .   h - +0 plate armour
rPois    .         Spirit   .   (helmet restricted)
rElec    .         Reflect  .   (no cloak)
rCorr    .         Harm     .   k - +0 pair of gloves
MR       +....                  (no boots)
Stlth    ..........             (no amulet)
HPRegen  0.17/turn              (no ring)
MPRegen  0.09/turn              (no ring)

@: no status effects
A: retaliatory headbutt, horns 2, camouflage 1, magic resistance 1
a: no special abilities


You were on level 4 of the Dungeon.
You were not hungry.

You visited 1 branch of the dungeon, and saw 4 of its levels.

You collected 141 gold pieces.

Inventory:

Hand Weapons
 a - a +0 long sword (weapon)
Missiles
 l - 7 curare-tipped needles
Armour
 b - a +0 scale mail
 c - a +0 shield (worn)
 h - a +0 plate armour (worn)
 k - a +0 pair of gloves (worn)
Jewellery
 o - a cursed -2 ring of dexterity {unknown}
Wands
 t - a wand of random effects (32/48)
Scrolls
 i - a scroll of fear {unknown}
 m - a scroll of enchant weapon {unknown}
 n - 5 scrolls of identify {unknown}
 q - 2 scrolls of random uselessness {unknown}
 s - 3 scrolls of teleportation {unknown}
 u - a scroll of noise {unknown}
Potions
 d - a potion of might
 e - 2 potions of cancellation
 x - a potion of berserk rage {unknown}
Comestibles
 f - 3 bread rations
 g - 2 meat rations
 j - 4 royal jellies
 p - 2 chunks of flesh


   Skills:
 - Level 3.9 Fighting
 + Level 4.9 Long Blades
 + Level 5.3 Armour
 + Level 0.3 Dodging
 + Level 5.4 Shields


You had 5 spell levels left.
You didn't know any spells.

Dungeon Overview and Level Annotations

Branches:
Dungeon (4/15)
 Temple: D:4-7

Altars:
Makhleb
Uskayaw

Annotations:
D:4 Menkaure


Innate Abilities, Weirdness & Mutations

You reflexively headbutt those who attack you in melee.
You have a pair of horns on your head.
Your skin changes colour to match your surroundings (Stealth+).
You are resistant to hostile enchantments. (MR+)


Message History

You see here a howler monkey skeleton.
Menkaure is nearby!
You hit Menkaure. You headbutt Menkaure.
Menkaure is heavily damaged.
Menkaure hits you!
Menkaure calls on the powers of darkness!
Your body is wracked with pain!
* * * LOW HITPOINT WARNING * * *
You completely miss Menkaure.
Menkaure is heavily damaged.
Menkaure hits you.
* * * LOW HITPOINT WARNING * * *
Menkaure hits you!
* * * LOW HITPOINT WARNING * * *
You see here a howler monkey skeleton.
You feel better. Menkaure hits you!
* * * LOW HITPOINT WARNING * * *
Menkaure casts a spell at you. Pain shoots through your body!
You die...

#......#
#......#####
#...........
#...........
#>........##
#...........
#........#
#.####.####<#
.........M.@.#
##.#####.#.#.#
#.###...#...#
#.....#.#####.#
######........#
#....)...######
#....)...#
#.....)).#
#........#


You could see Menkaure.

Vanquished Creatures
  A howler monkey (D:4)
  A hound (D:3)
  An orc wizard (D:4)
  6 adders (D:2)
  4 worms (D:2)
  A dart slug (D:2)
  4 leopard geckos
  8 orcs
  7 bats
  5 giant cockroaches
  12 goblins
  12 hobgoblins
  A quokka (D:2)
  3 ball pythons
  4 frilled lizards
  5 kobolds
  13 rats
88 creatures vanquished.

Notes
Turn   | Place    | Note
-------+----------+-------------------------------------------
     0 | D:1      | firefreeman the Minotaur Fighter began the quest for the Orb.
     0 | D:1      | Reached XP level 1. HP: 19/19 MP: 0/0
   181 | D:1      | Reached XP level 2. HP: 22/27 MP: 1/1
   845 | D:2      | Found a faded altar of an unknown god.
   864 | D:2      | Reached XP level 3. HP: 19/33 MP: 2/2
  1238 | D:2      | Reached XP level 4. HP: 40/40 MP: 3/3
  1776 | D:3      | Noticed a dagger
  1776 | D:3      | Found a hide-covered altar of Uskayaw.
  1776 | D:3      | Noticed a dagger
  1892 | D:3      | Reached XP level 5. HP: 46/46 MP: 4/4
  2279 | D:3      | Gained mutation: Your skin changes colour to match your surroundings (Stealth+). [potion of mutation]
  2279 | D:3      | Gained mutation: You are resistant to hostile enchantments. (MR+) [potion of mutation]
  2734 | D:3      | Reached skill level 5 in Shields
  2750 | D:3      | Found a burning altar of Makhleb.
  2870 | D:4      | Reached skill level 5 in Armour
  2909 | D:4      | Reached XP level 6. HP: 27/52 MP: 5/5
  2991 | D:4      | Noticed Menkaure
  3001 | D:4      | Killed from afar by Menkaure

Vault maps used:
D:1:      minmay_arrival_loop, kennysheep_boxes
D:2:      chequers_ecumenical_altar_island, kennysheep_generic_room_10
D:3:      minmay_diamond_boxcup, dancing_weapons_uskayaw, minivault_25,
          makhleb_blood_cavern_becter
D:4:      kennysheep_spiral_hall, serial_shops, nicolae_shop_behind_doors,
          first_bread, uniq_edmund, uniq_menkaure

Skill      XL: |  1  2  3  4  5 |
---------------+----------------+-----
Armour         | 4 5 |  5.3
Long Blades    | 3 4 |  4.9
Shields        | 4 5 |  5.4
Fighting       | |  3.9
Dodging        | |  0.3

Action                   |  1- 3 |  4- 6 || total
-------------------------+-------+-------++-------
Melee: Long sword        |   112 |   145 ||   257
       Headbutt          |    13 |    36 ||    49
  Use: Potion            |       |     7 ||     7
  Eat: Chunk             |     1 |     6 ||     7
Armor: Plate armour      |    74 |   141 ||   215
Dodge: Dodged            |    19 |    55 ||    74
Block: Shield            |    66 |   118 ||   184
       Rpst.: Long sword |     6 |    15 ||    21

Table legend:
 A = Spawn XP
 B = Non-spawn XP
 C = Spawn XP percentage of total XP
 D = Spawn monster count
 E = Non-spawn monster count
 F = Spawn count percentage of total count
 G = Total turns spent on level
                    A         B        C        D         E        F      G
               +---------+---------+-------+---------+---------+-------+---------
         Total |       0 |     380 |   0.0 |       0 |      88 |   0.0 |  3001
               +---------+---------+-------+---------+---------+-------+---------
           D:1 |       0 |      34 |   0.0 |       0 |      21 |   0.0 |   829
           D:2 |       0 |     149 |   0.0 |       0 |      37 |   0.0 |   929
           D:3 |       0 |      91 |   0.0 |       0 |      24 |   0.0 |  1100
           D:4 |       0 |     106 |   0.0 |       0 |       6 |   0.0 |   143
               +---------+---------+-------+---------+---------+-------+---------
